 Dungeon Crawl Stone Soup version 0.22.0-16-gc6d26f6 (webtiles) character file.

3203 Amnesiac the Slinger (level 9, -8/74 HPs)
             Began as a Mummy Hunter on Aug 17, 2018.
             Was a Priest of Okawaru.
             Splashed by Maurice's acid (15 damage)
             ... on level 8 of the Dungeon.
             The game lasted 00:10:43 (6751 turns).

Amnesiac the Slinger (Mummy Hunter)                 Turns: 6751, Time: 00:10:44

Health: -8/74      AC:  6    Str: 19    XL:     9   Next: 65%
Magic:  5/9        EV:  7    Int: 10    God:    Okawaru [***...]
Gold:   447        SH:  3    Dex: 12    Spells: 8/8 levels left

rFire    x . .     SeeInvis .   a - +1 hunting sling
rCold    + . .     Gourm    .   f - +0 buckler
rNeg     + + +     Faith    .   q - +0 chain mail (curse)
rPois    ∞         Spirit   .   e - +0 helmet (curse)
rElec    .         Reflect  .   l - +0 cloak (curse)
rCorr    .         Harm     .   (no gloves)
MR       +....                  (no boots)
Stlth    ..........             (no amulet)
HPRegen  0.22/turn              (no ring)
MPRegen  0.11/turn              (no ring)

@: corroded
A: no food or potions, fire vulnerability, cold resistance 1, negative energy
resistance 3, torment resistance, unbreathing
a: Heroism, Renounce Religion


You were on level 8 of the Dungeon.
You worshipped Okawaru.
Okawaru was most pleased with you.
You were not hungry.

You visited 2 branches of the dungeon, and saw 9 of its levels.

You collected 447 gold pieces.

Inventory:

Hand Weapons
 a - a +1 hunting sling (weapon)
 b - a +1 dagger of electrocution
Missiles
 d - 36 sling bullets (quivered)
 g - 152 stones
Armour
 e - a cursed +0 helmet (worn)
 f - a +0 buckler (worn)
 l - a cursed +0 cloak (worn)
 q - a cursed +0 chain mail (worn)
Jewellery
 p - an uncursed amulet of magic regeneration {unknown}
Wands
 n - a wand of paralysis (21)
 t - a wand of disintegration (9)
 u - a wand of polymorph (6)
 w - a wand of clouds (3)
 x - a wand of random effects (12)
Scrolls
 c - 5 scrolls of identify {!r}
 h - 6 scrolls of magic mapping {!r}
 i - 6 scrolls of enchant weapon {!r}
 j - a scroll of blinking {!r}
 k - 5 scrolls of remove curse {!r}
 m - a scroll of fear {!r}
 o - a scroll of amnesia {!r}
 r - 4 scrolls of teleportation {!r}
 s - 2 scrolls of enchant armour {!r}
 v - a scroll of immolation {!r}
 y - 3 scrolls of noise {!r, unknown}
 z - 2 scrolls of fog {!r, unknown}


   Skills:
 + Level 8.1 Fighting
 * Level 10.0 Slings
 - Level 1.5 Dodging
 - Level 0.7 Stealth


You had 8 spell levels left.
You didn't know any spells.
Your spell library contained the following spells:

 Spells                   Type           Power        Failure   Level  Hunger
 Fireball                 Conj/Fire      #.........   100%        5    N/A
 Conjure Flame            Conj/Fire      #.......     100%        3    N/A
 Confuse                  Hex            #.......     100%        3    N/A
 Throw Flame              Conj/Fire      #.....       100%        2    N/A
 Sticky Flame             Conj/Fire      #.......     100%        4    N/A
 Tukima's Dance           Hex            #.......     100%        3    N/A
 Spider Form              Tmut/Pois      #.........   100%        3    N/A
 Blade Hands              Tmut           #.........   100%        5    N/A
 Ice Form                 Ice/Tmut       #.......     100%        4    N/A
 Flame Tongue             Conj/Fire      #....        100%        1    N/A
 Sticks to Snakes         Tmut           #.......     100%        2    N/A
 Ensorcelled Hibernation  Hex/Ice        #.....       100%        2    N/A
 Corona                   Hex            #......      100%        1    N/A
 Inner Flame              Hex/Fire       #.......     100%        3    N/A
 Beastly Appendage        Tmut           #.....       100%        1    N/A
 Dazzling Spray           Conj/Hex       #.....       100%        3    N/A

Dungeon Overview and Level Annotations

Branches:
Dungeon (8/15)             Temple (1/1) D:4
   Lair: D:8-11

Altars:
Ashenzari
Cheibriados
Dithmenos
Elyvilon
Fedhas
Gozag
Hepliaklqana
Kikubaaqudgha
Makhleb
Nemelex Xobeh
Okawaru
Qazlal
Ru
Sif Muna
Trog
Uskayaw
Vehumet
Wu Jian
Xom
Yredelemnul
Zin
The Shining One

Shops:
D:5 :   D:7 ?

Annotations:
D:8 Maurice


Innate Abilities, Weirdness & Mutations

You do not eat or drink.
Your flesh is vulnerable to fire.
You are immune to poison.
Your flesh is cold resistant. (rC+)
You are immune to negative energy. (rN+++)
You are immune to unholy pain and torment.
You can survive without breathing.


Message History

The sling bullet hits the eye of draining but does no damage.
The eye of draining is severely wounded.
Firing (i - inventory. (/) - cycle)
d - 29 sling bullets (quivered)
Press: ? - help, Shift-Dir - straight line, f/p - eye of draining
Aim: an eye of draining (severely wounded)
You shoot a sling bullet.
The sling bullet hits the eye of draining!
The eye of draining is almost dead.
Firing (i - inventory. (/) - cycle)
d - 28 sling bullets (quivered)
Press: ? - help, Shift-Dir - straight line, f/p - eye of draining
Aim: an eye of draining (almost dead)
You shoot a sling bullet.
The sling bullet hits the eye of draining.
You kill the eye of draining!
Okawaru accepts your kill.
The iguana bites you but does no damage.
You see here 9 sling bullets.
Firing (i - inventory. (/) - cycle)
d - 27 sling bullets (quivered)
Press: ? - help, Shift-Dir - straight line, f - iguana
Aim: an iguana You shoot a sling bullet.
The sling bullet hits the iguana!
You kill the iguana!
Okawaru accepts your kill.
Your Slings skill increases to level 10!
d - 35 sling bullets (gained 9)
d - 36 sling bullets (gained 1)
There are no items here.
There is an open door, spattered with blood here.
Maurice the Thief comes into view.
He is wielding a short sword.
Maurice shouts!
Found a stone staircase leading down.
Evoke which item? (* to show all) (? for menu, Esc to quit)
Aiming: Cloud Cone
Press: ? - help, Dir - move target cursor, f - Maurice
Aim: Maurice, wielding a short sword and wearing a runed cloak You create a blast of flame!
Maurice is engulfed in blazing flames.
Maurice gestures wildly while chanting.
Maurice blinks!
Evoke which item? (* to show all) (? for menu, Esc to quit)
Aiming: Cloud Cone
Press: ? - help, Dir - move target cursor, f - you, p - Maurice
Okay, then.
Evoke which item? (* to show all) (? for menu, Esc to quit)
Aiming: Cloud Cone
Press: ? - help, Dir - move target cursor, f/p - Maurice
Aim: Maurice, wielding a short sword and wearing a runed cloak (lightly wounded)
You create a blast of noxious fumes!
Maurice looks sneaky.
Maurice gestures wildly while chanting.
Maurice puts on a burst of speed!
Maurice is engulfed in blazing flames.
Maurice casts a spell.
Maurice flickers and vanishes!
Deactivating autopickup; reactivate with Ctrl-A.
Evoke which item? (* to show all) (? for menu, Esc to quit)
Aiming: Disintegrate
Press: ? - help, Shift-Dir - straight line Nothing appears to happen.
You hear a zap.
A bolt of acid appears from out of thin air!
The bolt of acid hits you!
* * * LOW HITPOINT WARNING * * *
The acid corrodes you!
You are splashed with acid!
The acid burns!
You die...

#..##..#
.#.#.#...# #.# #.
#..##.#.#.#...#
#.# #
#..##..##.#.##..#
#.# #..
#..#'.#.#...# #.#
..##..##.#.#.#...#
#.# #.. #..
#.#...#...####.##
## ..##
.##...#.........#
#.. ..
#.#.#.######### ##
### #.#.#@§§§§.#
..#..§§§§§.>#
#.#########..# #.
# #.


There were no monsters in sight!

Vanquished Creatures
  Grinder (D:6)
  2 hippogriffs
  Edmund (D:4)
  Duvessa (D:4)
  An orc warrior (D:7)
  2 ice beasts
  3 ogres
  A phantom (D:2)
  An eye of draining (D:8)
  2 centaurs
  A bullfrog (D:6)
  A water moccasin zombie (D:8)
  A scorpion (D:8)
  Dowan (D:4)
  5 crimson imps
  A bullfrog zombie (D:5)
  A centaur zombie (D:5)
  2 centaur skeletons
  3 orc priests
  6 orc wizards
  3 iguanas
  9 worker ants
  A killer bee zombie (D:8)
  A hound zombie (D:6)
  3 gnolls
  2 adders (D:3)
  2 shadow imps
  An adder zombie (D:5)
  3 worms
  3 dart slugs
  8 leopard geckos
  25 orcs
  2 ball pythons
  6 bats
  8 giant cockroaches
  12 goblins
  11 jackals
  11 kobolds
  6 quokkas
  2 frilled lizards
  A leopard gecko skeleton (D:4)
  A quokka zombie (D:5)
  6 rats
164 creatures vanquished.

Notes
Turn   | Place    | Note
-------+----------+-------------------------------------------
     0 | D:1      | Amnesiac the Mummy Hunter began the quest for the Orb.
     0 | D:1      | Reached XP level 1. HP: 16/16 MP: 1/1
   205 | D:1      | Reached XP level 2. HP: 19/22 MP: 2/2
   643 | D:1      | Reached XP level 3. HP: 28/28 MP: 3/3
   906 | D:2      | Reached skill level 4 in Slings
  1128 | D:2      | Noticed a phantom
  1175 | D:2      | Killed a phantom
  1175 | D:2      | Reached XP level 4. HP: 35/35 MP: 4/4
  1287 | D:2      | Found a faded altar of an unknown god.
  1542 | D:3      | Reached XP level 5. HP: 41/41 MP: 5/5
  2366 | D:4      | Found a staircase to the Ecumenical Temple.
  2377 | D:3      | Reached skill level 5 in Slings
  2546 | D:4      | Noticed Dowan
  2568 | D:4      | Killed Dowan
  2652 | D:4      | Noticed Duvessa
  2655 | D:5      | Entered Level 5 of the Dungeon
  2663 | D:5      | Reached XP level 6. HP: 44/48 MP: 6/6
  2747 | D:4      | Killed Duvessa
  2987 | Temple   | Entered the Ecumenical Temple
  3020 | Temple   | Became a worshipper of Warmaster Okawaru
  3157 | D:4      | Noticed Edmund
  3178 | D:4      | Killed Edmund
  3178 | D:4      | Reached skill level 6 in Slings
  3178 | D:4      | Reached XP level 7. HP: 28/55 MP: 7/7
  3223 | D:4      | Found a hide-covered altar of Uskayaw.
  3277 | D:4      | Reached skill level 5 in Fighting
  3928 | D:5      | Reached * piety under Okawaru
  3949 | D:5      | Reached skill level 7 in Slings
  4023 | D:5      | Found Kusaid's Book Shop.
  4041 | D:5      | Reached XP level 8. HP: 64/64 MP: 8/8
  4637 | D:6      | Reached ** piety under Okawaru
  4742 | D:6      | Reached skill level 8 in Slings
  4802 | D:6      | Noticed Grinder
  4819 | D:6      | Killed Grinder
  5538 | D:7      | Reached XP level 9. HP: 24/72 MP: 9/9
  6018 | D:7      | Reached skill level 9 in Slings
  6058 | D:7      | Reached *** piety under Okawaru
  6122 | D:7      | Found Weinal's Magic Scroll Boutique.
  6692 | D:8      | Received a gift from Okawaru
  6731 | D:8      | Reached skill level 10 in Slings
  6741 | D:8      | Noticed Maurice
  6751 | D:8      | Splashed by Maurice's acid

Skill      XL: |  1  2  3  4  5  6  7  8  9 |
---------------+----------------------------+-----
Slings         | 4 5 6 7 8 10 | 10.0
Fighting       | 3 4 5 7 8 |  8.1
Dodging        | |  1.5
Stealth        | |  0.7

Action                   |  1- 3 |  4- 6 |  7- 9 || total
-------------------------+-------+-------+-------++-------
 Fire: Hunting sling     |   108 |   227 |   662 ||   997
Evoke: Wand              |       |       |     4 ||     4
  Use: Scroll            |       |       |     9 ||     9
Armor: Ring mail         |    12 |    13 |       ||    25
       Chain mail        |       |    36 |   153 ||   189
Dodge: Dodged            |    21 |    43 |    72 ||   136
Block: Buckler           |     3 |    11 |    31 ||    45
